 Dungeon Crawl Stone Soup version 0.29-a0-821-g66395355a5 (webtiles) character file.

Game seed: 13909202127215990908

151 kevlar127 the Ruffian (level 5, -1/81 HPs)
             Began as a Troll Berserker on July 7, 2022.
             Was a Priest of Trog.
             Slain by Crazy Yiuf
             ... wielding a +4 quarterstaff of chaos
              (2 damage)
             ... on level 3 of the Dungeon.
             The game lasted 00:04:26 (2441 turns).

kevlar127 the Ruffian (Troll Berserker)             Turns: 2441, Time: 00:04:26

Health: -1/81      AC:  4    Str: 33    XL:     5   Next: 10%
Magic:  0/4        EV:  9    Int:  9    God:    Trog [***...]
Gold:   75         SH:  0    Dex:  5    Spells: 4/4 levels left

rFire   . . .      SeeInvis +     - Unarmed
rCold   . . .      Faith    .   (no shield)
rNeg    . . .      Spirit   .   a - +0 animal skin
rPois   .          Reflect  .   (helmet restricted)
rElec   +          Harm     .   (no cloak)
rCorr   .          Rampage  .   (gloves unavailable)
Will    .....                   (boots unavailable)
Stlth   ..........              (no amulet)
HPRegen 1.03/turn               e - +6 ring of strength
MPRegen 0.09/turn               l - ring of Reimbursement {rElec Int+6 Dex-4 SInv}

@: mighty, berserking, invisible, very quick
A: large, unfitting armour, claws 3, regeneration 1, shaggy fur 1, tough skin 1
a: Renounce Religion, Berserk, Trog's Hand


You were on level 3 of the Dungeon.
You worshipped Trog.
Trog was most pleased with you.
You visited 1 branch of the dungeon, and saw 3 of its levels.

You collected 75 gold pieces.

Inventory:

Missiles
 b - 44 stones (quivered)
 j - 7 poisoned darts
Armour
 a - a +0 animal skin (worn)
Jewellery
 e - a +6 ring of strength (left claw)
 l - the ring of Reimbursement (right claw) {rElec Int+6 Dex-4 SInv}
   (You found it on level 2 of the Dungeon)

   [ring of intelligence]

   Int:       It affects your intelligence (+6).
   Dex:       It affects your dexterity (-4).
   rElec:     It insulates you from electricity.
   SInv:      It lets you see invisible.
 t - a +6 ring of intelligence
Wands
 i - a wand of roots (7)
Scrolls
 h - a scroll of blinking {unknown}
 k - a scroll of noise {unknown}
 n - 2 scrolls of identify {unknown}
 o - a scroll of enchant armour {unknown}
 q - a scroll of enchant weapon {unknown}
 r - a scroll of poison {unknown}
 s - a scroll of vulnerability {unknown}
 u - a scroll of teleportation {unknown}
Potions
 c - 2 potions of might {unknown}
 d - 3 potions of haste {unknown}
 f - a potion of brilliance {unknown}
 g - 2 potions of flight {unknown}
 m - a potion of mutation {unknown}
 p - a potion of magic {unknown}
 v - a potion of curing {unknown}


   Skills:
 + Level 3.7 Fighting
 + Level 0.0 Throwing
 - Level 2.6 Dodging
 + Level 4.5 Unarmed Combat


You had 4 spell levels left.
You didn't know any spells.
Your spell library was empty.

Dungeon Overview and Level Annotations

Branches:
Dungeon (3/15)

Altars:
Qazlal

Shops:
D:1 (*!(?

Annotations:
D:3 Crazy Yiuf


Innate Abilities, Weirdness & Mutations

You are too large for most types of armour.
You have claws for hands.
Your natural rate of healing is unusually fast.
You are covered in fur. (AC +1)
You have tough skin. (AC +1)


Message History

Could not explore, unopened runed door.
Could not explore, unopened runed door.
Could not explore, unopened runed door.
Could not explore, unopened runed door.
Could not explore, unopened runed door.
No reachable target in view!
No reachable target in view!
No reachable target in view!
No reachable target in view!
No reachable target in view!
No reachable target in view!
No reachable target in view!
No reachable target in view!
No reachable target in view!
No reachable target in view!
No reachable target in view!
No reachable target in view!
No reachable target in view!
No reachable target in view!
You open the door. You claw Crazy Yiuf!
Crazy Yiuf is moderately wounded.
Crazy Yiuf hits you with a +4 quarterstaff of chaos!
You suddenly lose the ability to move!
Crazy Yiuf hits you with a +4 quarterstaff of chaos!
Crazy Yiuf whimpers, "Goldfish pizzabubble pizzabubble!"
Crazy Yiuf hits you with a +4 quarterstaff of chaos.
You feel very mighty all of a sudden.
Crazy Yiuf hits you with a +4 quarterstaff of chaos!
* * * LOW HITPOINT WARNING * * *
You feel your power leaking away.
Crazy Yiuf hits you with a +4 quarterstaff of chaos!
* * * LOW HITPOINT WARNING * * *
You fade into invisibility!
You can move again.
A red film seems to cover your vision as you go berserk!
You feel yourself moving faster!
You feel mighty!
Crazy Yiuf hits you with a +4 quarterstaff of chaos.
* * * LOW HITPOINT WARNING * * *
Crazy Yiuf burns you.
You die...

#....###.#
##..## #.#
#PP..# #.###
##.P.# #...#
##.## #.#.###
###### ##.#
#.#...# #
#....# #.##
#####.#
#######.####
##.# #.#...#
........#
#@## #.#.###
######### #g#
#...# # ...
##.## #...#
#..#########
##### #)..#
#.....รท.....
#...########
#####
###########.
...........#
#.
.#.........#
### #.
...#.#####.#
#.# #.


You could see Crazy Yiuf (unable to see you).

Vanquished Creatures
  Natasha (twice) (D:3)
  An orc wizard (D:3)
  2 dart slugs
  4 orcs (D:3)
  6 bats
  4 endoplasms
  2 giant cockroaches (D:2)
  7 goblins
  9 hobgoblins
  5 kobolds
  3 quokkas
  4 ball pythons
  10 frilled lizards
  10 rats
69 creatures vanquished.

Notes
Turn   | Place    | Note
-------+----------+-------------------------------------------
     0 | D:1      | kevlar127 the Troll Berserker began the quest for the Orb.
     0 | D:1      | Reached XP level 1. HP: 22/22 MP: 0/0
    40 | D:1      | Found Idioveigo's Magic Scroll Emporium.
   123 | D:1      | Reached XP level 2. HP: 24/29 MP: 1/1
   141 | D:1      | Found Tiomn's Distillery.
   205 | D:1      | Found Yxumpac's Weapon Boutique.
   264 | D:1      | Reached ** piety under Trog
   324 | D:1      | Found Qeisyil's Weapon Shoppe.
   349 | D:1      | Reached XP level 3. HP: 36/36 MP: 2/2
   395 | D:1      | Found Goggiamp's General Store.
   851 | D:2      | Identified the ring of Reimbursement {rElec Int+6 Dex-4
                  | SInv}
  1350 | D:3      | Found a stormy altar of Qazlal.
  1404 | D:3      | Reached skill level 4 in Unarmed Combat
  1404 | D:3      | Reached XP level 4. HP: 35/45 MP: 3/3
  1415 | D:3      | Reached *** piety under Trog
  1858 | D:3      | Found a faded altar of an unknown god.
  1970 | D:3      | Noticed Natasha
  1982 | D:3      | Killed Natasha
  2042 | D:3      | Found a runed translucent door.
  2043 | D:3      | Noticed Crazy Yiuf
  2336 | D:3      | Noticed Natasha
  2340 | D:3      | Killed Natasha
  2341 | D:3      | Reached XP level 5. HP: 46/54 MP: 4/4
  2436 | D:3      | Paralysed by Crazy Yiuf for 4 turns
  2440 | D:3      | HP: 2/54 [Crazy Yiuf/+4 quarterstaff of chaos (11)]
  2441 | D:3      | Slain by Crazy Yiuf

Illustrated notes

Levels and vault maps discovered:
D:1:      lightli_arrival_flooded_house, layout_rooms, serial_shops,
          nicolae_square_shop, shop, nicolae_square_shop, shop,
          nicolae_shop_bloodbath_and_beyond, grunt_decor_arrowhead,
          solitary_fountain
D:2:      layout_basic, minmay_lizard_pond
D:3:      layout_loops_ring, overflow_temple_1_default,
          shapermc_ecumenical_altar_totnotflames, uniq_crazy_yiuf_cottage,
          uniq_natasha

Skill      XL: |  1  2  3 |
---------------+----------+-----
Fighting       | 3 |  3.7
Unarmed Combat | 4 |  4.5
Dodging        | |  2.6

Action                   |  1- 3 |  4- 6 || total
-------------------------+-------+-------++-------
Melee: Unarmed           |   123 |    37 ||   160
       Punch             |     1 |     1 ||     2
Invok: Berserk           |       |     1 ||     1
Armor: Animal skin       |    34 |     9 ||    43
Dodge: Dodged            |    69 |    12 ||    81

Table legend: (Time is in decaauts)
 A = Elapsed time spent in this place.
 B = Non-inter-level travel time spent in this place.
 C = Inter-level travel time spent in this place.
 D = Time resting spent in this place.
 E = Time spent auto-exploring this place.
 F = Levels seen in this place.
 G = Mean time per level.
                   A        B        C        D        E       F      G
               +--------+--------+--------+--------+--------+-----+--------+
         Total |   2431 |   2287 |    144 |    318 |   1585 |   3 |  810.3 |
       Dungeon |   2431 |   2287 |    144 |    318 |   1585 |   3 |  810.3 |
               +--------+--------+--------+--------+--------+-----+--------+

Top non-repeatable levels by time:
     D:3: 1267 daAuts
     D:1: 593 daAuts
     D:2: 570 daAuts
